 Dungeon Crawl Stone Soup version 0.25.1-2-g60ff931df9 (webtiles) character file.

Game seed: 11187840650605857811

36 hawla the Chopper (level 3, -3/33 HPs)
             Began as a Hill Orc Monk on Sept 30, 2020.
             Slain by a gnoll
             ... wielding a +0 flail
              (4 damage)
             ... on level 2 of the Dungeon.
             The game lasted 00:02:29 (1237 turns).

hawla the Chopper (Hill Orc Monk)                   Turns: 1237, Time: 00:02:31

Health: -3/33      AC:  3    Str: 14    XL:     3   Next: 37%
Magic:  3/3        EV: 13    Int: 10    God:
Gold:   112        SH:  0    Dex: 13    Spells: 2/2 levels left

rFire    . . .     SeeInvis .   a - +0 hand axe
rCold    . . .     Gourm    .   (no shield)
rNeg     . . .     Faith    .   b - +0 robe
rPois    .         Spirit   .   (no helmet)
rElec    .         Reflect  .   (no cloak)
rCorr    .         Harm     .   f - +0 pair of gloves
MR       .....                  (no boots)
Stlth    ++........             d - amulet of inaccuracy
HPRegen  0.11/turn              (no ring)
MPRegen  0.08/turn              (no ring)

@: no status effects
A: no striking features
a: no special abilities


You were on level 2 of the Dungeon.
You were not hungry.

You visited 1 branch of the dungeon, and saw 2 of its levels.

You collected 112 gold pieces.

Inventory:

Hand Weapons
 a - a +0 hand axe (weapon)
Missiles
 l - 2 javelins (quivered)
 n - 10 poisoned darts
Armour
 b - a +0 robe (worn)
 f - a +0 pair of gloves (worn)
 i - a +0 plate armour
Jewellery
 d - an amulet of inaccuracy (around neck)
Scrolls
 e - a scroll of fog
 g - a scroll of immolation
 j - 2 scrolls of enchant armour
 m - 2 scrolls of remove curse
Potions
 k - a potion of curing {unknown}
 o - a potion of resistance {unknown}
 p - 2 potions of stabbing {unknown}
Comestibles
 c - 3 rations
 h - 5 chunks of flesh


   Skills:
 + Level 4.1 Fighting
 + Level 4.4 Axes
 * Level 3.1 Dodging
 - Level 1.5 Stealth


You had 2 spell levels left.
You didn't know any spells.
Your spell library was empty.

Dungeon Overview and Level Annotations

Branches:
Dungeon (2/15)

Altars:


Message History

The gnoll hits you with a +0 spear.
You closely miss the gnoll. You hit the gnoll. You miss the gnoll.
The gnoll completely misses you. The gnoll misses you.
The gnoll hits you with a +0 spear.
You hit the gnoll but do no damage. You completely miss the gnoll.
You hit the gnoll but do no damage. The gnoll hits you but does no damage.
The gnoll misses you. The gnoll barely misses you.
You closely miss the gnoll. You hit the gnoll. x2
The gnoll hits you with a cursed -2 spear.
The gnoll hits you with a +0 spear!
* * * LOW HITPOINT WARNING * * *
The gnoll hits you with a +0 flail.
* * * LOW HITPOINT WARNING * * *
As you read the scroll labeled UHOSIL OTSUMINK, it crumbles to dust.
You feel as if something is helping you.
It was a scroll of remove curse.
The gnoll closely misses you. The gnoll hits you with a +0 spear.
* * * LOW HITPOINT WARNING * * *
The gnoll hits you with a +0 flail.
You die...

.... ... ...... ...## ##.#
.........# ...... #..###..#
#........# ......
#..#..#####........## ......
#......##....<....... ......
#..........<.......# ......
####......##.#......$.# ......
..##......##...gg.....# #####
..##......###...@g....#########..
..#...####............##........#
....#.# #.###........##........#
...##.####.###.....#####........#
...............##..# #(.......#
..##...........# #..# #........#
..##...........# #...# #.....(..#
..###..........# #...###........#
รท.#
#............#.....#........#


You could see 3 gnolls.

Vanquished Creatures
  2 oozes
  A dart slug (D:1)
  2 leopard geckos (D:2)
  5 bats
  A giant cockroach (D:2)
  4 hobgoblins
  A quokka (D:2)
  2 frilled lizards
  A kobold (D:2)
  5 rats
24 creatures vanquished.

Notes
Turn   | Place    | Note
-------+----------+-------------------------------------------
     0 | D:1      | hawla the Hill Orc Monk began the quest for the Orb.
     0 | D:1      | Reached XP level 1. HP: 19/19 MP: 1/1
   235 | D:1      | Reached XP level 2. HP: 26/27 MP: 2/2
   924 | D:2      | Reached XP level 3. HP: 33/33 MP: 3/3
  1237 | D:2      | HP: 1/33 [gnoll/+0 spear (4)]
  1237 | D:2      | Slain by a gnoll

Illustrated notes

Levels and vault maps discovered:
D:1:      zelgadis_glass_arrival_small, layout_loops_ring,
          chequers_serial_rivers_micro_c
D:2:      layout_rooms, minmay_fractal_squares_gapless_5

Skill      XL: |  1  2  3 |
---------------+----------+-----
Fighting       | 4 |  4.1
Dodging        | 3 |  3.1
Axes           | |  4.4
Stealth        | |  1.5

Action                   || total
-------------------------++-------
Melee: Hand axe          ||    89
  Use: Scroll            ||     6
 Stab: Sleeping          ||     4
       Distracted        ||     1
  Eat: Chunk             ||     1
Armor: Robe              ||    22
Dodge: Dodged            ||    73
